Map: Pendiente de Agustín EE

Players

YOX

  • Race: Protoss Protoss
  • Spawn Location: 11:00

TAZZ

  • Race: Protoss Protoss
  • Spawn Location: 12:00

Gibby

  • Race: Protoss Protoss
  • Spawn Location: 12:00

MrFercho - Winner!

  • Race: Zerg Zerg
  • League: Gold
  • Spawn Location: 6:00

tigro - Winner!

  • Race: Terran Terran
  • League: Bronze
  • Spawn Location: 5:00

TATORREA - Winner!

  • Race: Protoss Protoss
  • League: Gold
  • Spawn Location: 6:00

VOD

Have the link to the VOD?

Description

Time

  • Played on: Aug. 8, 2020, 8:51 p.m.
  • Length: 16:08
Show
View Real Time Build Order
Export as new Build Order

YOX Protoss 

Build Orders:  

Get SALT Encoding   

  12  0:03  Probe (Chrono Boost)  
  13  0:16  Pylon, Probe (Chrono Boost)  
  14  0:27  Probe  
  15  0:39  Gateway, Probe  
  16  0:43  Assimilator  
  16  0:51  Probe  
  16  0:53  Assimilator  
  17  1:03  Probe (Chrono Boost)  
  18  1:14  Probe (Chrono Boost)  
  19  1:19  Probe (Chrono Boost)  
  20  1:26  Cybernetics Core  
  20  1:30  Probe  
  21  1:42  Probe  
  21  1:43  Gateway  
  21  1:45  Gateway  
  22  1:51  Pylon  
  22  1:54  Probe  
  23  2:10  Twilight Council  
  23  2:13  Zealot  
  25  2:28  Pylon  
  25  2:38  Pylon  
  25  2:40  Zealot x2  
  25  2:42  Zealot  
  31  2:47  Charge  
  31  2:57  Pylon  
  31  3:11  Zealot  
  31  3:12  Zealot  
  35  3:13  Zealot  
  37  3:25  Stargate  
  37  3:36  Robotics Facility  
  37  3:49  Zealot x2  
  37  3:52  Zealot  
  43  4:07  Forge  
  43  4:18  Zealot  
  43  4:19  Zealot  
  43  4:22  Zealot  
  49  4:26  Observer  
  50  4:47  Fleet Beacon  
  50  5:03  Protoss Shields Level 1  
  50  5:10  Robotics Bay  
  50  5:13  Void Ray  
  54  5:21  Stargate  
  54  5:25  Pylon  
  46  5:34  Pylon  
  42  5:59  Gravitic Boosters  
  36  6:07  Cybernetics Core  
  34  6:18  Unknown  
  34  6:22  Stargate  
  34  6:26  Stargate  
  34  6:30  Void Ray  
  34  6:31  Void Ray  
  42  6:36  Observer  
  43  6:57  Observer  
  44  7:08  Protoss Air Weapons Level 1  
  44  7:09  Protoss Air Armor Level 1  
  42  7:52  Void Ray  
  42  7:53  Void Ray x2  
  46  8:31  Void Ray  
  46  8:49  Void Ray x3  
  58  9:05  Protoss Shields Level 2  
  58  9:13  Void Ray  
  62  9:49  Pylon  
  62  9:50  Pylon  
  62  9:59  Protoss Air Weapons Level 2, Protoss Air Armor Level 2  
  60  10:48  Void Ray x2  
  68  11:04  Void Ray  
  68  11:05  Void Ray  
  76  12:36  Void Ray  
  78  12:37  Void Ray  
  78  12:38  Void Ray  
  69  13:02  Protoss Shields Level 3  
  69  14:24  Pylon  
  69  14:26  Pylon  
  69  14:28  Pylon  
  69  14:32  Pylon  
  69  14:35  Pylon  
  69  14:36  Pylon  
  69  14:37  Void Ray x2  
  69  14:38  Pylon  
  77  14:39  Pylon  
  77  14:41  Pylon  
  77  14:42  Void Ray x2  
  21  15:19  Void Ray  
  21  15:20  Void Ray  
Show
View Real Time Build Order
Export as new Build Order

TAZZ Protoss 

Build Orders:  

Get SALT Encoding   

  12  0:02  Probe (Chrono Boost)  
  13  0:12  Probe (Chrono Boost)  
  14  0:19  Pylon  
  14  0:25  Probe  
  15  0:37  Probe  
  15  0:39  Forge  
  17  0:50  Probe  
  17  0:52  Pylon  
  17  1:00  Assimilator  
  17  1:02  Probe (Chrono Boost)  
  18  1:11  Pylon  
  19  1:13  Probe (Chrono Boost)  
  19  1:19  Pylon  
  19  1:29  Probe  
  20  1:38  Gateway  
  20  1:41  Probe  
  20  1:46  Pylon  
  21  1:53  Photon Cannon  
  21  2:05  Gateway  
  21  2:11  Probe  
  22  2:17  Assimilator  
  22  2:23  Probe  
  22  2:28  Cybernetics Core  
  23  2:36  Probe  
  24  2:42  Zealot  
  26  2:54  Gateway  
  26  3:06  Twilight Council  
  26  3:15  Zealot  
  26  3:18  Zealot  
  30  3:38  Charge (Chrono Boost)  
  30  3:43  Zealot  
  30  3:45  Zealot  
  34  4:06  Zealot  
  36  4:10  Zealot  
  38  4:30  Zealot  
  40  4:33  Zealot  
  40  4:37  Zealot  
  44  4:48  Nexus  
  44  4:51  Assimilator  
  44  4:55  Assimilator  
  44  4:58  Zealot  
  46  5:00  Pylon  
  46  5:08  Pylon  
  46  5:19  Zealot x2  
  44  5:47  Photon Cannon  
  44  5:53  Nexus  
  44  5:56  Assimilator  
  42  5:58  Assimilator  
  42  6:01  Photon Cannon  
  36  6:05  Probe (Chrono Boost)  
  37  6:16  Probe (Chrono Boost)  
  38  6:20  Probe (Chrono Boost)  
  39  6:27  Probe (Chrono Boost)  
  41  6:34  Probe (Chrono Boost)  
  41  6:39  Probe (Chrono Boost)  
  42  6:44  Probe x2 (Chrono Boost)  
  44  6:53  Probe  
  44  6:54  Probe  
  46  7:05  Probe  
  47  7:16  Photon Cannon  
  47  7:17  Photon Cannon  
  47  7:18  Probe  
  47  7:22  Photon Cannon  
  46  7:23  Photon Cannon  
  46  7:27  Photon Cannon  
  40  7:45  Pylon  
  40  7:48  Pylon x2  
  40  8:06  Pylon  
  39  8:22  Pylon  
  39  8:30  Photon Cannon  
  39  8:35  Photon Cannon  
  35  8:44  Photon Cannon  
  35  8:46  Photon Cannon  
  35  8:47  Photon Cannon  
  35  8:57  Probe (Chrono Boost)  
  36  9:05  Probe (Chrono Boost)  
  36  9:08  Probe (Chrono Boost)  
  38  9:13  Probe (Chrono Boost)  
  38  9:16  Photon Cannon  
  39  9:17  Photon Cannon x2  
  39  9:18  Probe (Chrono Boost)  
  39  9:21  Photon Cannon x2  
  40  9:29  Probe  
  40  9:30  Photon Cannon  
  41  9:34  Photon Cannon  
  41  9:38  Photon Cannon  
  41  9:39  Photon Cannon  
  41  9:41  Probe  
  41  9:43  Pylon  
  41  9:45  Pylon  
  42  9:49  Pylon  
  42  9:53  Pylon  
  42  10:11  Pylon  
  42  10:14  Pylon  
  42  10:16  Pylon  
  42  10:18  Pylon  
  41  10:44  Photon Cannon, Pylon  
  41  10:46  Photon Cannon  
  41  10:47  Photon Cannon  
  41  11:06  Probe (Chrono Boost)  
  43  11:12  Probe (Chrono Boost)  
  43  11:15  Probe (Chrono Boost)  
  45  11:18  Probe (Chrono Boost)  
  45  11:22  Probe (Chrono Boost)  
  46  11:32  Probe  
  47  11:34  Photon Cannon  
  47  11:37  Photon Cannon  
  47  11:40  Photon Cannon  
  47  11:44  Photon Cannon  
  47  11:45  Photon Cannon  
  47  11:47  Photon Cannon  
  47  11:52  Photon Cannon, Probe (Chrono Boost)  
  49  12:02  Probe (Chrono Boost)  
  49  12:15  Probe  
  50  12:20  Pylon  
  50  12:27  Probe  
  50  12:41  Photon Cannon x2  
  50  12:43  Photon Cannon  
  50  12:44  Photon Cannon  
  50  12:45  Photon Cannon  
  49  13:26  Pylon x2  
  49  13:28  Pylon  
  49  13:30  Pylon  
  49  13:44  Pylon  
  49  13:45  Pylon  
  49  13:53  Photon Cannon  
  49  13:55  Photon Cannon  
  49  13:56  Photon Cannon  
  49  14:05  Photon Cannon  
  49  14:06  Photon Cannon  
  49  14:10  Photon Cannon x2  
  49  14:12  Photon Cannon  
  49  14:20  Photon Cannon  
  49  14:22  Photon Cannon  
  49  14:27  Photon Cannon  
  49  14:37  Probe (Chrono Boost)  
  50  14:41  Probe (Chrono Boost)  
  51  14:49  Probe  
  52  14:56  Pylon  
  52  14:58  Pylon  
  52  15:00  Pylon  
  52  15:01  Probe  
  53  15:14  Probe  
  54  15:17  Photon Cannon  
  54  15:18  Photon Cannon  
  54  15:19  Photon Cannon  
  54  15:20  Photon Cannon  
  54  15:22  Photon Cannon  
  54  15:24  Photon Cannon  
  54  15:26  Photon Cannon  
  54  15:27  Photon Cannon  
Show
View Real Time Build Order
Export as new Build Order

Gibby Protoss 

Build Orders:  

Get SALT Encoding   

  12  0:02  Probe (Chrono Boost)  
  13  0:16  Pylon  
  13  0:19  Probe  
  14  0:31  Probe  
  15  0:38  Gateway  
  15  0:43  Probe  
  15  0:49  Pylon  
  16  0:55  Probe  
  17  1:03  Gateway  
  17  1:09  Assimilator  
  17  1:12  Probe (Chrono Boost)  
  18  1:22  Probe (Chrono Boost)  
  18  1:25  Zealot  
  21  1:36  Cybernetics Core  
  21  1:41  Assimilator  
  21  1:42  Probe  
  22  1:51  Pylon  
  22  1:54  Probe  
  22  1:57  Zealot  
  25  2:18  Twilight Council  
  25  2:21  Gateway  
  25  2:23  Zealot  
  27  2:30  Zealot  
  29  2:37  Probe  
  30  2:48  Charge (Chrono Boost)  
  30  2:50  Zealot  
  32  2:57  Zealot  
  34  3:08  Forge  
  34  3:09  Zealot  
  36  3:16  Pylon  
  36  3:23  Zealot  
  38  3:34  Zealot  
  40  3:40  Pylon  
  40  3:52  Zealot x2  
  44  4:01  Zealot  
  46  4:03  Protoss Ground Weapons Level 1  
  46  4:19  Zealot x2  
  50  4:28  Zealot  
  50  4:30  Pylon  
  52  4:46  Zealot  
  54  4:58  Zealot x2  
  30  6:16  Zealot x3  
  36  6:26  Nexus  
  36  6:34  Assimilator  
  36  6:40  Pylon  
  36  6:54  Assimilator  
  36  7:00  Photon Cannon  
    7:44  Probe  
  1  7:56  Probe  
  2  8:08  Probe  
  3  8:21  Probe  
  4  8:33  Probe (Chrono Boost)  
  5  8:44  Probe (Chrono Boost)  
  7  8:48  Probe (Chrono Boost)  
  7  8:49  Probe (Chrono Boost)  
  8  8:57  Probe  
  9  9:09  Probe  
  10  9:17  Photon Cannon  
  10  9:26  Probe  
  10  9:27  Probe  
  12  9:38  Probe  
  13  9:41  Probe  
  14  9:50  Probe  
  15  10:11  Probe  
  15  10:13  Probe  
  17  10:23  Probe  
  17  10:25  Probe  
  19  10:35  Probe  
  19  10:37  Probe  
  9  11:11  Probe (Chrono Boost)  
  9  11:21  Probe (Chrono Boost)  
  10  11:26  Probe (Chrono Boost)  
  10  11:30  Probe  
  12  11:33  Zealot  
  12  11:35  Zealot  
  12  11:37  Probe  
  17  11:42  Probe  
  18  11:49  Probe  
  19  11:54  Probe  
  22  12:01  Probe  
  22  12:05  Pylon  
  22  12:06  Probe  
  22  12:08  Pylon  
  19  12:18  Probe  
  20  12:27  Zealot  
  20  12:30  Pylon  
  20  12:39  Probe  
  20  12:43  Probe  
  22  12:51  Probe  
  22  12:55  Probe  
  24  13:03  Probe  
  25  13:07  Probe  
  24  13:17  Probe  
  26  13:20  Probe  
  26  13:30  Probe  
  26  13:32  Probe  
  28  13:42  Probe  
  28  13:44  Probe  
  28  13:46  Assimilator  
  30  13:54  Probe  
  31  13:56  Probe  
  32  14:06  Probe  
  32  14:08  Probe  
  34  14:18  Probe  
  34  14:21  Probe  
  36  15:00  Pylon  
Show
View Real Time Build Order
Export as new Build Order

MrFercho Zerg - Winner!

Build Orders: Pool First 

Get SALT Encoding   

  12  0:18  Spawning Pool  
  11  0:22  Drone  
  11  0:26  Drone  
  13  0:35  Overlord  
  13  0:45  Drone  
  14  0:55  Drone  
  14  0:56  Drone  
  16  1:04  Extractor  
  15  1:12  Drone  
  16  1:22  Drone  
  17  1:28  Drone  
  18  1:34  Queen  
  20  1:41  Zergling x2  
  21  1:49  Zergling x2  
  22  2:08  Metabolic Boost  
  22  2:10  Hatchery  
  21  2:22  Zergling x2  
  22  2:23  Overlord x2  
  22  2:42  Zergling x2  
  23  2:55  Queen  
  25  2:59  Overlord  
  25  3:01  Zergling x2  
  26  3:06  Zergling x6  
  26  3:12  Drone  
  30  3:26  Drone x2  
  32  3:32  Zergling x2  
  33  3:48  Baneling Nest  
  33  3:49  Drone  
  33  3:50  Drone  
  33  3:51  Drone x3  
  37  4:11  Drone  
  37  4:12  Drone x5  
  37  4:13  Queen  
  37  4:15  Queen  
  47  4:24  Drone  
  47  4:28  Drone  
  49  4:41  Drone  
  49  4:42  Drone x2  
  49  4:43  Overlord  
  49  4:44  Overlord  
  52  4:57  Baneling  
  52  4:58  Baneling x7  
  52  5:01  Overlord  
  52  5:07  Overlord  
  52  5:08  Zergling x10  
  52  5:10  Zergling x2  
  58  5:19  Zergling x2  
  51  5:28  Zergling x8  
  53  5:35  Zergling x2  
  53  5:36  Zergling x8  
  53  5:55  Zergling x6  
  56  6:00  Zergling x6  
  56  6:01  Zergling x2  
  49  6:10  Zergling x4  
  48  6:22  Zergling x4  
  50  6:27  Drone x3  
  53  6:35  Zergling x4  
  55  6:43  Hatchery  
  55  6:46  Hatchery  
  53  6:49  Drone x2  
  55  6:55  Zergling x8  
  59  7:06  Zergling x2  
  59  7:07  Zergling x6  
  62  7:18  Zergling x4  
  57  7:29  Zergling x8  
  58  7:31  Zergling x6  
  55  7:45  Zergling x2  
  55  7:46  Zergling x2  
  57  7:52  Zergling x6  
  53  8:28  Zergling x30  
  53  8:29  Zergling x6  
  61  8:54  Zergling x18  
  61  8:55  Zergling x4  
  70  9:06  Zergling x12  
  70  9:21  Baneling x4  
  70  9:22  Baneling x2  
  70  9:23  Zergling x2  
  70  9:24  Zergling x22  
  65  10:09  Zergling x16  
  65  10:10  Zergling x28  
  84  10:19  Zergling x2  
  84  10:20  Zergling x8  
  65  10:37  Lair  
  64  11:00  Zergling x10  
  64  11:01  Zergling x16  
  76  11:08  Zergling x6  
  67  11:20  Zergling x2  
  67  11:21  Zergling x12  
  64  11:37  Zergling x2  
  64  11:38  Zergling x14  
  66  11:50  Baneling  
  66  11:51  Baneling x21  
  66  11:59  Extractor  
  65  12:17  Zergling x20  
  65  12:18  Zergling x10  
  67  12:38  Zergling x16  
  53  13:09  Zergling x28  
  54  13:20  Drone  
  54  13:25  Extractor  
  54  13:26  Extractor  
  50  13:31  Evolution Chamber  
  50  13:33  Hatchery  
  48  13:38  Zergling x20  
  44  14:19  Baneling x15  
  44  14:20  Baneling x5  
  34  14:53  Zergling x2  
  34  14:54  Zergling x40  
  34  14:55  Zergling x4  
  57  15:14  Hydralisk Den  
  56  15:39  Drone  
  56  15:40  Drone  
  57  15:45  Drone x11  
  57  15:46  Drone x9  
Show
View Real Time Build Order
Export as new Build Order

tigro Terran - Winner!

Build Orders:  

Get SALT Encoding   

  12  0:12  Supply Depot  
  12  0:13  SCV  
  13  0:25  SCV  
  14  0:37  SCV  
  14  0:38  Barracks  
  15  0:43  Refinery  
  15  0:49  SCV  
  16  0:55  Refinery  
  16  1:07  SCV  
  17  1:19  SCV  
  18  1:31  Marine, SCV  
  20  1:43  SCV  
  21  1:49  Marine  
  21  1:53  Factory  
  22  2:07  Marine  
  23  2:24  Supply Depot  
  23  2:32  Orbital Command  
  23  2:38  Factory Tech Lab  
  23  2:45  Marine  
  24  3:03  Marine  
  25  3:06  Engineering Bay  
  25  3:10  SCV  
  25  3:12  Siege Tank  
  29  3:22  Barracks Tech Lab, SCV  
  30  3:34  Starport, SCV  
  30  3:35  Terran Infantry Weapons Level 1  
  31  3:44  Siege Tank  
  34  3:55  Combat Shield  
  34  4:22  Command Center  
  34  4:23  Marine  
  35  4:41  Marine  
  36  4:49  Medivac  
  38  4:59  Marine  
  39  5:14  Stimpack, Refinery  
  39  5:17  Marine  
  39  5:20  Armory  
  40  5:29  Terran Infantry Armor Level 1  
  40  5:34  Marine  
  41  5:36  Refinery  
  41  5:52  Marine  
  42  6:10  Marine  
  43  6:28  Marine  
  44  6:40  SCV  
  44  6:46  Marine  
  46  6:52  SCV  
  47  7:03  Marine  
  47  7:05  SCV  
  46  7:17  SCV  
  46  7:21  Marine  
  48  7:23  Neosteel Armor  
  48  7:29  SCV  
  41  7:39  Marine  
  38  7:55  Medivac  
  38  7:57  Marine  
  41  8:01  Fusion Core  
  41  8:15  Marine  
  42  8:32  Barracks  
  42  8:33  Marine  
  43  8:36  Hellion  
  45  8:50  Supply Depot, Marine  
  46  8:58  Hellion  
  48  9:03  Terran Infantry Armor Level 2  
  48  9:08  Marine  
  49  9:19  Hellion  
  51  9:26  Marine  
  51  9:30  Marine  
  53  9:35  Starport Tech Lab  
  53  9:41  Hellion  
  53  9:44  Marine  
  56  9:48  Marine  
  52  10:02  Hellion, Marine  
  52  10:06  Marine  
  48  10:19  Marine  
  49  10:22  Terran Vehicle Weapons Level 1  
  49  10:23  Marine  
  49  10:24  Thor  
  49  10:27  Weapon Refit  
  56  10:37  Marine  
  56  10:41  Marine  
  52  10:53  Battlecruiser  
  58  11:07  Barracks Reactor, Thor  
  58  11:08  Marine  
  65  11:19  Terran Infantry Weapons Level 2  
  65  11:26  Marine  
  66  11:39  SCV  
  67  11:43  Marine x2  
  67  11:44  Marine  
  70  11:50  Thor  
  70  11:51  SCV  
  77  12:01  Marine  
  78  12:05  Marine, SCV  
  78  12:07  Rapid Reignition System  
  78  12:08  Marine  
  77  12:16  Terran Vehicle And Ship Armor Level 1  
  77  12:17  SCV  
  77  12:18  Battlecruiser  
  77  12:20  Marine  
  71  12:22  Marine  
  71  12:26  Marine  
  71  12:29  SCV  
  68  12:38  Marine  
  69  12:44  Marine  
  56  13:24  Medivac  
  58  13:35  Hi-Sec Auto Tracking  
  58  13:37  SCV  
  59  13:45  Supply Depot, Marine x3  
  58  13:49  SCV  
  58  13:54  Battlecruiser  
  59  13:57  Thor  
  59  14:01  SCV  
  66  14:03  Marine x3  
  66  14:07  Supply Depot  
  69  14:10  Terran Ship Weapons Level 1  
  69  14:13  SCV  
  70  14:21  Marine x3  
  73  14:25  SCV  
  74  14:39  Thor, Marine x3  
  74  14:43  Command Center  
  77  14:57  Marine  
  77  14:58  Battlecruiser  
  83  15:27  Marine  
  83  15:28  Marine x2  
  86  15:45  Marine x3  
Show
View Real Time Build Order
Export as new Build Order

TATORREA Protoss - Winner!

Build Orders: Carriers 

Get SALT Encoding   

  12  0:03  Probe  
  13  0:15  Probe  
  14  0:27  Pylon  
  14  0:28  Probe  
  15  0:45  Probe  
  16  0:52  Gateway  
  16  1:00  Probe  
  17  1:07  Assimilator  
  17  1:10  Pylon  
  17  1:14  Probe  
  18  1:23  Assimilator  
  18  1:26  Pylon  
  18  1:30  Probe  
  19  1:38  Gateway  
  19  1:42  Probe (Chrono Boost), Cybernetics Core  
  21  1:54  Probe (Chrono Boost)  
  21  2:02  Probe (Chrono Boost)  
  22  2:18  Gateway  
  22  2:20  Gateway  
  22  2:23  Robotics Facility, Probe  
  22  2:25  Warp Gate  
  23  2:33  Stalker  
  25  2:41  Stalker  
  27  3:09  Nexus  
  27  3:14  Pylon  
  27  3:25  Stalker  
  29  3:29  Stalker  
  31  3:56  Stargate  
  31  4:02  Assimilator  
  31  4:05  Assimilator, Probe (Chrono Boost)  
  32  4:16  Immortal, Probe (Chrono Boost)  
  37  4:28  Probe x2  
  39  4:41  Probe x2  
  39  4:45  Void Ray (Chrono Boost)  
  45  5:05  Probe x2  
  47  5:17  Void Ray (Chrono Boost)  
  42  5:49  Void Ray (Chrono Boost)  
  26  5:55  Probe x2 (Chrono Boost)  
  24  6:06  Probe (Chrono Boost)  
  24  6:07  Probe (Chrono Boost)  
  26  6:11  Probe x2 (Chrono Boost)  
  28  6:21  Probe x2  
  30  6:33  Probe  
  30  6:34  Pylon, Probe  
  32  6:45  Probe  
  32  6:47  Probe  
  28  7:20  Probe x2  
  30  7:32  Probe x2  
  32  7:44  Probe x2  
  26  8:06  Probe  
  26  8:07  Probe  
  28  8:19  Probe x2  
  26  8:29  Stargate  
  26  8:31  Fleet Beacon, Probe x2  
  28  8:43  Probe x2  
  28  8:48  Void Ray  
  30  8:55  Probe x2  
  36  9:04  Void Ray  
  36  9:05  Stalker x2  
  36  9:06  Stalker  
  36  9:07  Unknown  
  46  9:22  Probe x2  
  48  9:33  Stalker  
  48  9:34  Probe x2  
  52  9:46  Probe x2  
  52  9:47  Void Ray  
  58  9:58  Probe x2  
  60  10:19  Pylon  
  60  10:24  Pylon  
  60  10:37  Void Ray (Chrono Boost)  
  60  10:40  Carrier (Chrono Boost)  
  70  10:51  Nexus  
  70  10:55  Probe x2  
  72  11:07  Protoss Air Weapons Level 1 (Chrono Boost), Probe x2  
  74  11:19  Probe x2  
  76  11:35  Probe x2  
  76  11:37  Pylon  
  78  11:44  Pylon  
  78  11:46  Pylon  
  78  11:55  Carrier, Probe x2  
  78  11:56  Pylon  
  86  12:02  Carrier  
  92  12:12  Assimilator  
  92  12:15  Assimilator  
  92  12:21  Probe  
  93  12:24  Probe  
  93  12:25  Probe  
  95  12:33  Probe  
  95  12:36  Probe  
  97  12:37  Probe  
  98  12:45  Probe  
  98  12:48  Probe  
  98  12:49  Probe  
  101  12:57  Carrier (Chrono Boost)  
  101  13:04  Carrier (Chrono Boost)  
  107  13:06  Probe  
  114  13:24  Stalker x2  
  114  13:25  Stalker  
  120  13:28  Probe x2  
  122  13:40  Probe  
  123  13:41  Nexus  
  123  13:42  Pylon  
  123  13:45  Probe x2  
  123  13:47  Protoss Air Weapons Level 2 (Chrono Boost)  
  123  13:48  Pylon  
  125  14:00  Carrier, Probe x2  
  133  14:06  Carrier, Probe  
  94  15:23  Stalker  
  94  15:24  Stalker x2  
  100  15:36  Gateway x2  
  100  15:38  Gateway  
  100  15:39  Gateway  
  100  15:42  Gateway  
  100  15:43  Gateway  
  100  15:45  Gateway  
  100  15:48  Gateway x2  
  100  16:04  Assimilator  
  100  16:07  Assimilator  
Tags
 
Add a new tag
Caveats
  • Supply blocks, unpowered buildings, or Contaminate may cause inaccurate times.
  • Supply counts are checked every 10 seconds.